 Dungeon Crawl Stone Soup version 0.31.0-11-ge490571c62 (webtiles) character file.

Game seed: 1592195683349353495

1901 PaiMei the Purveyor of Pain (level 8, -3/63 HPs)
             Began as a Demonspawn Necromancer on Jan 31, 2024.
             Was an Initiate of Kikubaaqudgha.
             Slain by Maggie
             ... wielding a +0 long sword
              (7 damage)
             ... on level 7 of the Dungeon.
             The game lasted 00:11:33 (10131 turns).

PaiMei the Purveyor of Pain (DsNe)                 Turns: 10131, Time: 00:11:33

Health: -3/63      AC:  5    Str:  8    XL:     8   Next: 94%
Magic:  1/16       EV: 19    Int: 17    God:    Kikubaaqudgha [......]
Gold:   0          SH:  0    Dex: 15    Spells: 14/18 levels left

rFire   . . .        m - +2 spear (flame)
rCold   . . .        (no shield)
rNeg    . . .        a - +0 robe
rPois   .            (no helmet)
rElec   .            o - +0 cloak
rCorr   .            (no gloves)
SInv    .            (no boots)
Will    .....        (no amulet)
Stlth   ++           u - +5 ring of evasion
HPRegen 0.30/turn    (no ring)
MPRegen 0.15/turn

%: no passive effects
@: mesmerised
A: powered by death 2, sharp scales 2, weakness stinger 2
a: Renounce Religion


You were on level 7 of the Dungeon.
You worshipped Kikubaaqudgha.
Kikubaaqudgha was noncommittal.
You visited 2 branches of the dungeon, and saw 8 of its levels.

Inventory:

Hand Weapons
 j - a +0 hand axe
 m - a +2 spear of flaming (weapon)
 w - a +2 dagger of draining
Missiles
 s - 2 poisoned darts
 t - a throwing net
Armour
 a - a +0 robe (worn)
 o - a +0 cloak (worn)
Jewellery
 e - a ring of resist corrosion
 u - a +5 ring of evasion (left hand)
 D - a +6 ring of strength
Wands
 y - a wand of roots (17)
Scrolls
 d - 7 scrolls of teleportation {unknown}
 f - 6 scrolls of identify {unknown}
 i - 2 scrolls of vulnerability {unknown}
 k - 2 scrolls of immolation {unknown}
 l - 2 scrolls of fear {unknown}
 q - 2 scrolls of revelation {unknown}
 r - a scroll of acquirement {unknown}
 C - a scroll of noise {unknown}
Potions
 b - 3 potions of magic
 c - 2 potions of might {unknown}
 g - 4 potions of curing {unknown}
 h - 2 potions of brilliance {unknown}
 n - a potion of cancellation {unknown}
 p - a potion of lignification {unknown}
 v - a potion of attraction {unknown}
 A - a potion of resistance {unknown}
 B - 2 potions of degeneration {unknown}
 E - a potion of haste {unknown}


   Skills:
 + Level 5.5 Fighting
 + Level 5.5 Dodging
 - Level 2.0 Stealth
 + Level 5.6 Spellcasting
 + Level 7.7 Necromancy


You had 14 spell levels left.
You knew the following spells:

 Your Spells              Type           Power      Damage    Failure   Level
a - Necrotise             Necr           100%       1d9       1%          1
b - Vampiric Draining     Necr           31%        2d8       1%          3

Your spell library contained the following spells:

 Spells                   Type           Power      Damage    Failure   Level
 Animate Dead             Necr           31%        N/A       5%          4
 Magic Dart               Conj           16%        1d3       14%         1
 Sandblast                Erth           8%         2d5       14%         1
 Slow                     Hex            16%        N/A       14%         1
 Curse of Agony           Necr           31%        N/A       16%         5
 Blink                    Tloc           8%         N/A       21%         2
 Call Imp                 Summ           8%         N/A       21%         2
 Confusing Touch          Hex            4%         N/A       38%         3
 Passwall                 Erth           4%         N/A       38%         3
 Sigil of Binding         Hex            4%         N/A       38%         3
 Stone Arrow              Conj/Erth      8%         3d7       38%         3
 Brom's Barrelling Bould  Conj/Erth      4%         2d3       80%         4


Dungeon Overview and Level Annotations

Branches:
Dungeon (7/15)             Temple (1/1) D:6

Altars:
Ashenzari
Cheibriados
Dithmenos
Fedhas
Gozag
Hepliaklqana
Kikubaaqudgha
Qazlal
Ru
Sif Muna
Trog
Vehumet
Wu Jian
Xom
Yredelemnul

Shops:
D:5 *

Annotations:
D:5 Maurice
D:7 Maggie


Innate Abilities, Weirdness & Mutations

You regenerate health from kills.
You are mostly covered in razor-sharp scales. (AC +2, Slay +2)
You have a tail ending in a sharp stinger.


Message History

Press: ? - help, Shift-Dir - straight line, f/p - Maggie
Aim: Maggie, wielding a +0 long sword and wearing +0 steam dragon scales (severely wounded, chance to affect: 83%) Maggie writhes in agony.
Maggie closely misses you. The kobold completely misses you.
The kobold brigand closely misses you.
Casting: Necrotise (safe; 1% risk of failure)
Confirm with . or Enter, or press ? or * to list all spells.
You don't have enough magic to cast this spell.
You barely miss Maggie.
Maggie is severely wounded.
Maggie closely misses you. The kobold barely misses you.
The kobold brigand hits you with a +0 mace.
You hit Maggie but do no damage.
Maggie is severely wounded.
Maggie closely misses you.
The kobold hits you with a +0 short sword.
Maggie casts a spell at you. The bolt of fire misses you.
You closely miss Maggie.
Maggie is severely wounded.
The kobold closely misses you.
Maggie says, "How do the people who live here stand the isolation?"
Maggie hits you with a +0 long sword! The kobold brigand misses you.
You closely miss Maggie.
Maggie is severely wounded.
The kobold misses you.
Maggie gestures wildly while chanting.
Maggie attempts to bespell you!
You are mesmerised by Maggie!
The kobold brigand hits you with a +0 mace!
* * * LOW HITPOINT WARNING * * *
You barely miss Maggie.
Maggie is severely wounded.
Maggie barely misses you. The kobold closely misses you.
The kobold brigand hits you with a +0 mace.
* * * LOW HITPOINT WARNING * * *
You hit Maggie. You burn Maggie.
Maggie is almost dead.
Maggie hits you with a +0 long sword!
You die...
Kikubaaqudgha rasps: "You have failed me!
Welcome... death!"

....#....)....###8.
...................
...P.......>.....8. .8....
......##........### .....#
...P..##..##......##....##.
..P.......##.##............
...P......#...###..........
.PP....#..#...###........##
....#...#....K@##....Z....#
### #...##.#.K@#.....K).#
##.# #####K....K...## ##
#...)##....#
............K....
#.........###)..<.
##.........# .....
###......## ##.# #.......#
#


You could see Maggie (mesmerising), a kobold brigand and 2 kobolds.

Vanquished Creatures
  5 ice beasts
  2 ogres
  A centaur (D:6)
  2 phantoms
  A bullfrog (D:6)
  A gnoll sergeant (D:6)
  3 scorpions
  A bombardier beetle (D:6)
  2 hounds (D:4)
  4 orc priests
  A jelly (D:6)
  A gnoll bouda (D:7)
  2 sleepcaps
  2 iguanas
  Ijyb (D:5)
  6 orc wizards
  8 gnolls
  3 adders
  A white imp (D:5)
  A dart slug (D:5)
  8 orcs
  7 ball pythons
  4 endoplasms
  2 giant cockroaches
  8 goblins
  7 hobgoblins
  2 jackals (D:4)
  13 kobolds
  5 quokkas
  5 bats
  2 frilled lizards
  4 rats
115 creatures vanquished.

Vanquished Creatures (collateral kills)
  2 orcs (D:4)
2 creatures vanquished.

Grand Total: 117 creatures vanquished

Notes
Turn   | Place    | Note
-------+----------+-------------------------------------------
     0 | D:1      | PaiMei the Demonspawn Necromancer began the quest for the
                  | Orb.
     0 | D:1      | Reached XP level 1. HP: 13/13 MP: 3/3
   369 | D:1      | Gained mutation: You are partially covered in razor-sharp
                  | scales. (AC +1, Slay +1) [demonic ancestry]
   369 | D:1      | Reached XP level 2. HP: 18/19 MP: 0/5
  1407 | D:2      | Reached XP level 3. HP: 18/25 MP: 0/6
  1572 | D:2      | Learned a level 3 spell: Vampiric Draining
  1684 | D:2      | Reached skill level 1 in Fighting
  2065 | D:3      | Gained mutation: You regenerate a little health from kills.
                  | [demonic ancestry]
  2065 | D:3      | Reached XP level 4. HP: 25/32 MP: 1/7
  2343 | D:3      | Found a broken altar of Ashenzari.
  2358 | D:3      | Reached skill level 5 in Necromancy
  2895 | D:3      | Found an ornate altar of the Wu Jian Council.
  3833 | D:4      | Gained mutation: You have a small tail. [demonic ancestry]
  3833 | D:4      | Reached XP level 5. HP: 37/38 MP: 3/9
  3938 | D:4      | Found a hazy altar of Hepliaklqana.
  4031 | D:4      | Found a radiant altar of Vehumet.
  4035 | D:4      | Gained mutation: You have a tail ending in a sharp stinger.
                  | [demonic ancestry]
  4035 | D:4      | Reached XP level 6. HP: 43/46 MP: 5/10
  5434 | D:5      | Entered Level 5 of the Dungeon
  5732 | D:5      | Reached skill level 6 in Necromancy
  5732 | D:5      | Gained mutation: You regenerate health from kills. [demonic
                  | ancestry]
  5732 | D:5      | Reached XP level 7. HP: 49/52 MP: 4/12
  6287 | D:5      | Noticed Ijyb
  6293 | D:5      | Killed Ijyb
  6771 | D:5      | Found Plog's Lightly-Used Armoury.
  7328 | D:6      | Gained mutation: You are mostly covered in razor-sharp
                  | scales. (AC +2, Slay +2) [demonic ancestry]
  7328 | D:6      | Reached XP level 8. HP: 61/61 MP: 7/15
  7405 | D:6      | Found a staircase to the Ecumenical Temple.
  7418 | Temple   | Entered the Ecumenical Temple
  7422 | Temple   | Became a worshipper of Kikubaaqudgha
  7941 | D:6      | Reached skill level 7 in Necromancy
  7951 | D:6      | Reached skill level 5 in Spellcasting
  8151 | D:6      | Reached skill level 5 in Dodging
  8408 | D:7      | Noticed Maurice
  8409 | D:7      | Reached skill level 5 in Fighting
  8951 | D:6      | Paralysed by something for 5 turns
  8953 | D:6      | Something stole a ring of resist corrosion
  8954 | D:6      | Something stole a +2 dagger of freezing
  8955 | D:6      | Something stole 10 poisoned darts
  8956 | D:6      | Something stole 116 gold
  8959 | D:6      | Paralysed by something for 3 turns
  8965 | D:6      | Paralysed by something for 3 turns
  9323 | D:6      | Something stole 139 gold
  9329 | D:5      | Paralysed by something for 2 turns
  9333 | D:5      | Paralysed by something for 4 turns
 10102 | D:7      | Noticed Maggie
 10131 | D:7      | Slain by Maggie

Illustrated notes

Levels and vault maps discovered:
D:1:      scummos_arrival_simple_crosswalls, layout_loops_ring
D:2:      layout_basic, serial_curves, eino_curves_03, eino_curves_02
D:3:      layout_basic, nicolae_overflow_crystal_walls,
          nicolae_wu_jian_glorious_leap
D:4:      layout_loops_ring, nicolae_vehumet_radiance,
          mainiacjoe_overflow_chevrons, chequers_jeans,
          minmay_a_box_with_orc_wizards_in_it
D:5:      layout_basic, minmay_shop_damaged, uniq_ijyb
D:6:      layout_basic, minmay_temple_entry_proselytizer
D:7:      layout_cave_pools, mainiacjoe_overflow_paths, serial_shops,
          nicolae_shop_hallway_stairs, serial_column_ruins,
          column_ruins_circle_medium, column_ruins_square_small,
          column_ruins_open_small, column_ruins_open_tiny,
          column_ruins_open_medium, column_ruins_open_small,
          nicolae_elemental_shop, nicolae_grassy_gnolls, uniq_maggie,
          uniq_pikel, uniq_maurice
Temple:   zaba_magenta_temple

Skill      XL: |  1  2  3  4  5  6  7  8 |
---------------+-------------------------+-----
Stealth        | 2 |  2.0
Dodging        | 2 3 4 5 |  5.5
Fighting       | 1 2 3 4 5 |  5.5
Necromancy     | 5 6 7 |  7.7
Spellcasting   | 3 4 5 |  5.6

Action                     |  1- 3 |  4- 6 |  7- 9 || total
---------------------------+-------+-------+-------++-------
  Melee: Spear             |    10 |    35 |    57 ||   102
         Tailslap          |       |     5 |     4 ||     9
   Cast: Necrotise         |    58 |   105 |    76 ||   239
         Vampiric Draining |       |     2 |    50 ||    52
 Armour: Robe              |    17 |    53 |    64 ||   134
  Dodge: Dodged            |    17 |    44 |   116 ||   177
